 Dungeon Crawl Stone Soup version 0.30-a0-140-gd1020e658a (webtiles) character file.

Game seed: 14287831267775683153

1859 Flugkiller the Cleaver (level 9, -6/79 HPs)
             Began as a Ghoul Gladiator on Sept 24, 2022.
             Was a Follower of Uskayaw.
             Killed from afar by a deep elf zephyrmancer (26 damage)
             ... with a bolt of lightning
             ... on level 7 of the Dungeon.
             The game lasted 00:04:20 (5930 turns).

Flugkiller the Cleaver (Ghoul Gladiator)            Turns: 5930, Time: 00:04:20

Health: -6/79      AC: 16    Str: 22    XL:     9   Next: 13%
Magic:  8/8        EV:  6    Int:  3    God:    Uskayaw [*.....]
Gold:   506        SH:  3    Dex: 10    Spells: 8/8 levels left

rFire   . . .      SeeInvis .    a - +1 war axe
rCold   + . .      Faith    .    l - +0 buckler
rNeg    + + +      Spirit   .    o - +0 plate armour
rPois   ∞          Reflect  .    c - +0 helmet
rElec   .          Harm     .    (no cloak)
rCorr   .          Rampage  .    f - +2 pair of gloves
Will    .....                    p - +1 pair of boots
Stlth   ..........               (no amulet)
HPRegen 0.00/turn                (no ring)
MPRegen 0.11/turn                (no ring)

@: inhibited regen
A: claws 1, cold resistance 1, negative energy resistance 3, inhibited
regeneration, torment resistance 2, devour on kill
a: Renounce Religion, Stomp


You were on level 7 of the Dungeon.
You worshipped Uskayaw.
Uskayaw was noncommittal.
You visited 2 branches of the dungeon, and saw 8 of its levels.

You collected 506 gold pieces.

Inventory:

Hand Weapons
 a - a +1 war axe (weapon)
Missiles
 d - 3 throwing nets (quivered)
 e - a javelin
 m - 4 curare-tipped darts
Armour
 b - a +0 leather armour
 c - a +0 helmet (worn)
 f - a +2 pair of gloves (worn)
   (You found it on level 5 of the Dungeon)
 l - a +0 buckler (worn)
   (You found it on level 5 of the Dungeon)
 o - a +0 plate armour (worn)
   (You found it on level 7 of the Dungeon)
 p - a +1 pair of boots (worn)
   (You found it on level 5 of the Dungeon)
 u - a +3 leather armour of fire resistance
   (You took it off an orc on level 5 of the Dungeon)
Wands
 v - a wand of iceblast (14)
   (You found it on level 7 of the Dungeon)
Scrolls
 g - 2 scrolls of butterflies
 i - a scroll of fear
 j - 2 scrolls of enchant weapon
 t - 2 scrolls of teleportation
 z - a scroll of blinking
Potions
 h - a potion of attraction
 k - 2 potions of brilliance
 n - a potion of ambrosia {unknown}
 q - a potion of curing
 s - a potion of magic {unknown}
 w - a potion of heal wounds


   Skills:
 + Level 7.6 Fighting
 * Level 9.1 Axes
 - Level 1.7 Throwing
 - Level 2.6 Dodging


You had 8 spell levels left.
You didn't know any spells.
Your spell library contained the following spells:

 Spells                   Type           Power      Damage    Failure   Level
 Shock                    Conj/Air       0%         1d3       100%        1
 Swiftness                Air            0%         N/A       100%        3
 Airstrike                Air            0%         2d(0-16)  100%        4
 Summon Hydra             Summ           0%         N/A       100%        7
 Sublimation of Blood     Necr           Unusable   N/A       N/A         2
 Wereblood                Tmut           Unusable   N/A       N/A         2

Dungeon Overview and Level Annotations

Branches:
Dungeon (7/15) Zot: 26296  Temple (1/1) D:7 Zot: 5963

Altars:
Fedhas
Gozag
Hepliaklqana
Okawaru
Uskayaw
Vehumet
Wu Jian
Yredelemnul
Lugonu

Portals:
Abyss: D:3

Annotations:
D:3 2 runed translucent doors
D:7 exclusion: statue


Innate Abilities, Weirdness & Mutations

You are immune to poison.
You have sharp fingernails.
Your flesh is cold resistant. (rC+)
You are immune to negative energy. (rN+++)
You do not regenerate when monsters are visible.
You are immune to unholy pain and torment.
You thrive by killing the living.


Message History

You hit the scorpion.
The scorpion is lightly wounded.
The scorpion stings you but does no damage.
You slash the scorpion!
The scorpion is almost dead.
The scorpion stings you but does no damage. x2
A scorpion is nearby!
A scorpion is nearby!
You closely miss the scorpion.
The scorpion is almost dead.
The scorpion barely misses you.
You closely miss the scorpion.
The scorpion is almost dead.
The scorpion barely misses you.
You slash the scorpion!
You kill the scorpion!
You feel better.
Uskayaw will force your foes to helplessly watch your dance.
Your Axes skill increases to level 9!
No target in view!
No target in view!
You see here a scorpion corpse.
Found a chain mail.
A frost-covered statue comes into view.
Found a radiant altar of Vehumet.
Marking area around a frost-covered statue as unsafe for travelling.
You see here a +0 chain mail.
A centaur comes into view.
The centaur shouts!
A centaur is nearby!
A centaur is nearby!
The centaur wields a +0 shortbow.
The centaur shoots an arrow.
The arrow hits you.
The centaur shoots an arrow.
You block the arrow.
You barely miss the centaur.
The centaur unwields a +0 shortbow.
The centaur hits you but does no damage.
The centaur kicks you but does no damage.
You hit the centaur but do no damage.
The centaur hits you but does no damage.
The centaur kicks you but does no damage.
The centaur barely misses you. The centaur completely misses you.
You closely miss the centaur.
The centaur hits you but does no damage.
The centaur kicks you but does no damage.
You block the centaur's attack.
The centaur kicks you but does no damage.
You hit the centaur.
The centaur is lightly wounded.
The centaur hits you but does no damage.
The centaur kicks you but does no damage.
The centaur hits you but does no damage.
The centaur closely misses you.
You slash the centaur!
The centaur is severely wounded.
The centaur completely misses you.
The centaur kicks you but does no damage.
You hit the centaur.
The centaur is almost dead.
The centaur hits you. The centaur closely misses you.
The centaur hits you but does no damage.
The centaur closely misses you.
You can now pass through a line of other dancers.
You hit the centaur but do no damage.
The centaur is almost dead.
The centaur hits you but does no damage.
The centaur kicks you but does no damage.
The centaur barely misses you.
The centaur kicks you but does no damage.
You barely miss the centaur.
The centaur is almost dead.
The centaur hits you but does no damage.
The centaur kicks you but does no damage.
You hit the centaur.
The centaur is almost dead.
You block the centaur's attack. The centaur kicks you. The centaur hits you.
The centaur kicks you but does no damage.
You hit the centaur.
You kill the centaur!
You feel better.
Things that are here:
a +0 shortbow; a centaur corpse You now have 502 gold pieces (gained 11).
You now have 506 gold pieces (gained 4).
You see here a potion of degeneration.
Key pressed, stopping explore.
You open the gate.
A deep elf zephyrmancer comes into view.
It is wielding a +0 long sword.
The deep elf zephyrmancer shouts!
A deep elf zephyrmancer is nearby!
A deep elf zephyrmancer is nearby!
The deep elf zephyrmancer points at you and mumbles some strange words.
The bolt of lightning hits you!! x2
* * * LOW HITPOINT WARNING * * *
There is an open gate here.
You are too injured to fight recklessly!
You are too injured to fight recklessly!
You are too injured to fight recklessly!
The deep elf zephyrmancer casts a spell at you.
The bolt of lightning hits you!!
You die...

#######.##.# ###.#.## #.#.####
#.##.# #...#.# ###.#.# ####
##.##.###.#.#.#####...#.# ...#
#..##................##.# ...#
#.#####..###########.##.#### #..#
#.# ##.#..'...+ #.##.#... #..#
#.# ####.#..'...+ #.##.#... #..#
#.# #...(#..'e..+ #.##.#... ...#
#.# #.##.#.@#+++#..#..#.#... #..#
#.# #.##.#..#...#..#........ #..#
#.# #.##.#..#...#..#.####... #..#
#.# #.##.#..#...#..#.####...
#..###.###.##.#..#...#..#...####.
.[............#..#...#.[#.#.####.
####.#.######.#..8...8..#........
# #.#.# #...!.........####... #
#.#.#########.##.....### #..>


You could see a deep elf zephyrmancer.

Vanquished Creatures
  A sky beast (D:6)
  An ice beast (D:5)
  An ogre (D:5)
  A centaur (D:7)
  4 bullfrogs
  2 necrophages (D:4)
  4 scorpions
  2 wights (D:7)
  A howler monkey (D:7)
  5 hounds
  3 jellies
  4 orc priests
  2 iguanas (D:6)
  3 orc wizards
  7 gnolls
  7 adders
  A worm (D:2)
  4 dart slugs
  28 orcs
  9 ball pythons
  7 bats
  7 endoplasms
  3 giant cockroaches
  5 goblins
  6 hobgoblins
  4 jackals (D:2)
  2 quokkas
  5 frilled lizards
  7 kobolds
  5 rats
141 creatures vanquished.

Notes
Turn   | Place    | Note
-------+----------+-------------------------------------------
     0 | D:1      | Flugkiller the Ghoul Gladiator began the quest for the Orb.
     0 | D:1      | Reached XP level 1. HP: 17/17 MP: 0/0
    98 | D:1      | Reached skill level 3 in Axes
   119 | D:1      | Reached XP level 2. HP: 25/25 MP: 1/1
   374 | D:1      | Found a faded altar of an unknown god.
   546 | D:1      | Reached XP level 3. HP: 30/30 MP: 2/2
   944 | D:2      | Reached XP level 4. HP: 35/38 MP: 3/3
   947 | D:2      | Reached skill level 4 in Axes
  1354 | D:3      | Found a large runed translucent door.
  1357 | D:3      | Found a large runed translucent door.
  1358 | D:3      | Found a corrupted altar of Lugonu.
  1610 | D:3      | Reached XP level 5. HP: 45/45 MP: 4/4
  1695 | D:3      | Found a one-way gate to the infinite horrors of the Abyss.
  2493 | D:4      | Reached skill level 5 in Axes
  2690 | D:4      | Reached XP level 6. HP: 52/52 MP: 5/5
  2928 | D:4      | Reached XP level 7. HP: 16/60 MP: 6/6
  2933 | D:4      | Reached skill level 6 in Axes
  3190 | D:4      | Reached skill level 5 in Fighting
  3403 | D:5      | Entered Level 5 of the Dungeon
  3460 | D:5      | Found a hazy altar of Hepliaklqana.
  3462 | D:5      | Found an iron altar of Okawaru.
  3829 | D:5      | Reached skill level 7 in Axes
  4175 | D:5      | Reached XP level 8. HP: 69/70 MP: 7/7
  4641 | D:6      | Reached skill level 8 in Axes
  5281 | D:7      | Found a staircase to the Ecumenical Temple.
  5297 | Temple   | Entered the Ecumenical Temple
  5320 | Temple   | Became a worshipper of Uskayaw the Reveller
  5441 | D:7      | Reached * piety under Uskayaw
  5464 | D:7      | Reached ** piety under Uskayaw
  5467 | D:7      | Reached *** piety under Uskayaw
  5622 | D:7      | Reached XP level 9. HP: 67/79 MP: 8/8
  5730 | D:7      | Reached skill level 9 in Axes
  5746 | D:7      | Found a radiant altar of Vehumet.
  5928 | D:7      | Noticed a deep elf zephyrmancer
  5930 | D:7      | Killed from afar by a deep elf zephyrmancer

Illustrated notes

Levels and vault maps discovered:
D:1:      dpeg_arrival_concentric_ovals, layout_loops_ring,
          shapermc_ecumenical_altar_starsandcircs, dreamdust_wishing_well
D:2:      layout_rooms, st_stairs_4, kennysheep_generic_room_12
D:3:      due_chaos_kobolds, layout_basic
D:4:      layout_cave_pools
D:5:      layout_basic, nicolae_overflow_hidden_temple, minmay_stone_trees_small
D:6:      layout_cave_pools, kennysheep_generic_room_10
D:7:      layout_loops_ring, vehumet_statue, minmay_temple_entry_glass,
          guppyfry_early_elven_hall
Temple:   bh_familiar_temple

Skill      XL: |  1  2  3  4  5  6  7  8  9 |
---------------+----------------------------+-----
Axes           | 3 4 5 7 8 9 |  9.1
Fighting       | 3 4 5 7 |  7.6
Throwing       | |  1.7
Dodging        | |  2.6

Action                   |  1- 3 |  4- 6 |  7- 9 || total
-------------------------+-------+-------+-------++-------
Melee: War axe           |   116 |   174 |   239 ||   529
       Punch             |       |     2 |       ||     2
  Use: Scroll            |       |     8 |     9 ||    17
       Potion            |       |     3 |       ||     3
 Stab: Sleeping          |       |     1 |       ||     1
       Paralysed         |       |       |     1 ||     1
Armor: Leather armour    |    48 |    43 |    98 ||   189
       Plate armour      |       |       |    30 ||    30
Dodge: Dodged            |    97 |   128 |   137 ||   362
Block: Buckler           |       |       |    28 ||    28

Table legend: (Time is in decaauts)
 A = Elapsed time spent in this place.
 B = Non-inter-level travel time spent in this place.
 C = Inter-level travel time spent in this place.
 D = Time resting spent in this place.
 E = Time spent auto-exploring this place.
 F = Levels seen in this place.
 G = Mean time per level.
                   A        B        C        D        E       F      G
               +--------+--------+--------+--------+--------+-----+--------+
         Total |   6056 |   5813 |    243 |   1672 |   2921 |   8 |  757.0 |
       Dungeon |   6019 |   5788 |    231 |   1672 |   2904 |   7 |  859.9 |
        Temple |     36 |     24 |     12 |      0 |     17 |   1 |   36.0 |
               +--------+--------+--------+--------+--------+-----+--------+

Top non-repeatable levels by time:
     D:3: 1311 daAuts
     D:5: 946 daAuts
     D:6: 866 daAuts
     D:1: 847 daAuts
     D:4: 797 daAuts
     D:7: 702 daAuts
     D:2: 547 daAuts
  Temple: 36 daAuts
